AoeStats
← Heli Jacob

African Clearing

510401446Analyzed
4v4 RM · 2d ago on Sep 30, 2026· 55m 40s· 8 players
Game mode
Random Map
Map size
Large (8 player)
Population
200
Speed
Normal
Resources
Standard
Victory
Conquest
Starting age
Dark Age
Ending age
Imperial Age
RankedLock teamsTeams togetherTeam positionsShared explorationLock speedFull tech treeHidden civsTurbo modeCheats
Victory
Defeat
🇵🇪 Khitans · Peru
915
+15
🇵🇱 Huns · Poland
889
+16
🇩🇪 Koreans · Germany
880
+16
🇿🇦 Goths · South Africa
871
+17
🇫🇷 Persians · France
982
-19
🇫🇷 Spanish · France
903
-17
🇫🇷 Mongols · France
844
-14
🇫🇷 Romans · France
833
-14
Walls vs Zombies 2009
8:34 Loom
14:43 Feudal Age
15:21 Double-Bit Axe
19:02 Castle Age
16:57 Gold Mining
17:06 Stone Mining
17:50 Fletching
20:26 Wheelbarrow
20:10 Bow Saw
22:05 Hand Cart
25:31 Bodkin Arrow
28:35 Horse Collar
29:33 Gold Shaft Mining
35:16 Imperial Age
32:33 Town Watch
33:27 Heavy Plow
34:05 Stone Shaft Mining
34:40 Eupseong
35:04 Ballistics
36:33 Bracer
37:35 Chemistry
36:46 Guilds
36:42 Siege Engineers
37:41 Two-Man Saw
36:57 Masonry
36:30 Treadmill Crane
36:35 Arrowslits
36:56 Squires
36:16 Pikeman
37:05 Thumb Ring
38:05 Conscription
37:36 Halberdier
37:39 Heavy Rocket Cart
42:21 Shinkichon
46:27 Arson
46:51 Scale Mail Armor
47:01 Forging
55:20 Chain Mail Armor
55:40 Iron Casting
MrFractal
11:48 Loom
13:53 Feudal Age
17:52 Castle Age
20:56 Town Watch
21:48 Wheelbarrow
23:31 Bloodlines
23:22 Husbandry
24:39 Forging
24:35 Scale Barding Armor
25:44 Hand Cart
26:53 Double-Bit Axe
26:49 Horse Collar
27:01 Gold Mining
28:53 Bow Saw
28:44 Heavy Plow
29:30 Stone Mining
33:25 Gold Shaft Mining
35:41 Iron Casting
35:27 Chain Barding Armor
38:47 Imperial Age
36:19 Town Patrol
36:23 Murder Holes
36:39 Masonry
36:50 Ballistics
38:53 Cavalier
41:43 Blast Furnace
41:19 Plate Barding Armor
43:20 Chemistry
42:12 Fletching
44:48 Two-Man Saw
44:33 Bodkin Arrow
45:43 Bracer
45:07 Light Cavalry
45:53 Paladin
51:34 Conscription
Yggdrasil
5:16 Loom
15:39 Feudal Age
16:38 Double-Bit Axe
21:00 Castle Age
19:19 Domestication
21:22 Forging
21:18 Gold Mining
21:33 Town Watch
27:54 Wheelbarrow
28:34 Town Patrol
28:37 Stone Mining
29:07 Bow Saw
30:14 Husbandry
30:52 Iron Casting
31:16 Hand Cart
33:21 Fletching
33:37 Scale Barding Armor
37:36 Imperial Age
38:04 Lamellar Armor
38:43 Conscription
39:16 Treadmill Crane
39:58 Ballistics
39:45 Siege Engineers
39:45 Bodkin Arrow
44:34 Masonry
45:55 Conscription
48:37 Chemistry
48:53 Ordo Cavalry
50:44 Bracer
51:05 Chain Barding Armor
51:59 Heavy Camel Rider
54:46 Pastoralism
55:49 Two-Man Saw
55:26 Plate Barding Armor
55:30 Stone Shaft Mining
55:18 Elite Steppe Lancer
Heli Jacob
7:44 Loom
15:20 Feudal Age
16:29 Double-Bit Axe
16:41 Horse Collar
17:50 Wheelbarrow
23:50 Castle Age
21:55 Scale Mail Armor
24:05 Forging
24:11 Gold Mining
24:56 Squires
24:17 Pikeman
27:00 Fletching
27:46 Iron Casting
27:13 Padded Archer Armor
27:19 Elite Skirmisher
32:20 Hand Cart
40:25 Man-at-Arms
44:00 Imperial Age
42:30 Long Swordsman
44:35 Chain Mail Armor
45:44 Blast Furnace
47:03 Halberdier
49:03 Bow Saw
51:27 Caravan
56:01 Perfusion
ColCol le Grand
4:32 Loom
14:48 Feudal Age
15:20 Double-Bit Axe
22:24 Castle Age
21:12 Stone Mining
21:14 Gold Mining
21:18 Fletching
22:39 Padded Archer Armor
24:22 Bow Saw
24:59 Bodkin Arrow
26:11 Leather Archer Armor
35:18 Town Watch
36:13 Wheelbarrow
41:18 Imperial Age
39:07 Hand Cart
39:12 Bloodlines
40:29 Husbandry
39:50 Light Cavalry
42:19 Bracer
43:08 Horse Collar
43:20 Elite Mangudai
44:29 Ballistics
44:22 Scale Barding Armor
44:28 Forging
45:01 Town Patrol
48:08 Parthian Tactics
47:48 Thumb Ring
49:11 Hussar
51:13 Chain Barding Armor
51:28 Iron Casting
ColPwin
13:26 Loom
15:15 Feudal Age
20:38 Castle Age
18:53 Double-Bit Axe
23:12 Wheelbarrow
23:03 Bow Saw
25:28 Hand Cart
35:38 Imperial Age
33:38 Husbandry
34:34 Padded Archer Armor
36:47 Conscription
36:42 Elite Conquistador
38:32 Bloodlines
37:45 Light Cavalry
39:42 Leather Archer Armor
40:16 Gold Mining
40:15 Hussar
42:13 Ring Archer Armor
41:54 Forging
41:50 Scale Barding Armor
Gérard Carpentier
12:39 Loom
12:55 Loom
16:50 Feudal Age
17:58 Double-Bit Axe
22:29 Castle Age
22:17 Wheelbarrow
21:48 Stone Mining
27:19 Forging
29:00 Scale Barding Armor
29:31 Iron Casting
31:47 Chain Barding Armor
38:01 Hand Cart
37:39 Fishing Lines
42:08 Imperial Age
43:13 Plate Barding Armor
43:39 Blast Furnace
42:51 Elite War Elephant
Sire_Yle
Connection lost

Rejoining the realm…

Still unreachable

The connection could not be restored.

Session expired

The server has moved on; the page needs a fresh start.